 Dungeon Crawl Stone Soup version 0.24.0-37-gcf1ca852f1 (webtiles) character file.

Game seed: 5973755586879912491, levelgen mode: deterministic

1461 Curus the Cruncher (level 8, -8/62 HPs)
             Began as a Minotaur Gladiator on Nov 25, 2019.
             Mangled by an ogre
             ... wielding a +0 giant spiked club
              (26 damage)
             ... on level 5 of the Dungeon.
             The game lasted 00:15:30 (4485 turns).

Curus the Cruncher (Minotaur Gladiator)             Turns: 4485, Time: 00:15:30

Health: -8/62      AC:  3    Str: 19    XL:     8   Next: 48%
Magic:  7/7        EV: 12    Int:  7    God:
Gold:   352        SH:  0    Dex: 14    Spells: 7/7 levels left

rFire    . . .     SeeInvis .   a - +1 quarterstaff
rCold    . . .     Gourm    .   (shield currently unavailable)
rNeg     . . .     Faith    .   j - +1 ring mail {MR+}
rPois    .         Spirit   .   (helmet unavailable)
rElec    .         Reflect  .   (no cloak)
rCorr    .         Harm     .   (no gloves)
MR       +....                  (no boots)
Stlth    +.........             (no amulet)
HPRegen  0.20/turn              (no ring)
MPRegen  0.10/turn              (no ring)

@: no status effects
A: retaliatory headbutt, horns 3, thin skeletal structure 1, deformed body,
sense surroundings 1
a: no special abilities


You were on level 5 of the Dungeon.
You were not hungry.

You visited 1 branch of the dungeon, and saw 5 of its levels.

You collected 352 gold pieces.

Inventory:

Hand Weapons
 a - a +1 quarterstaff (weapon)
Missiles
 d - 3 throwing nets (quivered)
Armour
 b - a +1 leather armour
 c - a +0 hat
 j - a +1 ring mail of magic resistance (worn)
Jewellery
 h - an uncursed amulet of inaccuracy
Scrolls
 g - 2 scrolls of amnesia
 i - 6 scrolls of identify
 l - a scroll of remove curse
 m - a scroll of teleportation
Potions
 e - a potion of flight
 k - a potion of agility
Comestibles
 f - 8 rations


   Skills:
 - Level 2.4 Fighting
 + Level 12.7 Staves
 - Level 2.0 Throwing
 - Level 3.2 Dodging


You had 7 spell levels left.
You didn't know any spells.
Your spell library was empty.

Dungeon Overview and Level Annotations

Branches:
Dungeon (5/15)
 Temple: D:4-7

Altars:
Fedhas
Kikubaaqudgha
Sif Muna
Xom

Annotations:
D:5 Blork the orc


Innate Abilities, Weirdness & Mutations

You reflexively headbutt those who attack you in melee.
You have a pair of large horns on your head.
You have a somewhat thin skeletal structure. (Dex +2, Stealth)
Armour fits poorly on your strangely shaped body.
You passively map a small area around you.


Message History

Blork the orc comes into view.
He is wielding a +1 mace of protection.
Blork the orc shouts!
Blork the orc casts a spell.
Blork the orc seems to speed up.
The ogre closely misses you.
You sock the ogre!
The ogre is moderately wounded.
Blork the orc complains loudly, as Orcs often do.
You barely miss the ogre.
The ogre is moderately wounded.
The ogre barely misses you.
You sock the ogre!
You headbutt the ogre, but do no damage.
The ogre is severely wounded.
Blork the orc points at you and mumbles some strange words.
The puff of flame hits you!
The ogre hits you with a +0 giant spiked club!
* * * LOW HITPOINT WARNING * * *
You see here a dart slug corpse.
The ogre hits you with a +0 giant spiked club!!
You die...

.###...#...............#...##
..##.)...#.............#####
#......(.#.#####....####
#####....).#..........##
....,.#....#.###..#....##
..... ....###...#.#..##
###... * #......#.####..# *
.. ..##..##.##...## , #
*#..@O....# # , #...###...##
....## #..o.# ##..* #.#....#
* #. , ...#..#.# , #........#
* ...###.#..# #.## #.#..# ..
#....#


You could see Blork the orc and an ogre.

Vanquished Creatures
  Pikel (D:5)
  Grinder (D:4)
  Edmund (D:3)
  A centaur (D:5)
  An ogre (D:4)
  A slave (D:5)
  A scorpion (D:5)
  A howler monkey (D:4)
  2 orc wizards
  2 orc priests
  Jessica (D:2)
  2 worker ants
  Robin (D:2)
  A gnoll (D:1)
  12 adders
  An ooze (D:4)
  2 worms (D:2)
  3 dart slugs
  5 leopard geckos
  17 orcs
  8 bats
  3 giant cockroaches
  15 hobgoblins
  12 jackals
  10 kobolds
  2 quokkas (D:2)
  11 goblins
  8 rats
126 creatures vanquished.

Notes
Turn   | Place    | Note
-------+----------+-------------------------------------------
     0 | D:1      | Curus the Minotaur Gladiator began the quest for the Orb.
     0 | D:1      | Reached XP level 1. HP: 18/18 MP: 0/0
   118 | D:1      | Reached skill level 4 in Staves
   162 | D:1      | Reached XP level 2. HP: 6/25 MP: 1/1
   594 | D:1      | Reached skill level 5 in Staves
   596 | D:1      | Reached XP level 3. HP: 20/30 MP: 2/2
   764 | D:1      | Gained mutation: Armour fits poorly on your strangely
                  | shaped body. [potion of mutation]
   764 | D:1      | Gained mutation: You have a somewhat thin skeletal
                  | structure. (Dex +2, Stealth) [potion of mutation]
   764 | D:1      | Gained mutation: You have a pair of large horns on your
                  | head. [potion of mutation]
   764 | D:1      | Gained mutation: You passively map a small area around you.
                  | [potion of mutation]
   955 | D:2      | Reached skill level 6 in Staves
   955 | D:2      | Reached XP level 4. HP: 37/37 MP: 3/3
  1551 | D:2      | Noticed Jessica
  1558 | D:2      | Killed Jessica
  1558 | D:2      | Reached skill level 7 in Staves
  1558 | D:2      | Reached XP level 5. HP: 35/42 MP: 4/4
  1700 | D:2      | Noticed Robin
  1710 | D:2      | Killed Robin
  1793 | D:2      | Found a shimmering blue altar of Sif Muna.
  1878 | D:3      | Found a shimmering altar of Xom.
  1998 | D:3      | Reached skill level 8 in Staves
  2356 | D:3      | Reached XP level 6. HP: 20/50 MP: 5/5
  3329 | D:4      | Reached skill level 9 in Staves
  3342 | D:4      | Noticed Grinder
  3443 | D:4      | Noticed Edmund
  3472 | D:3      | Killed Edmund
  3472 | D:3      | Reached XP level 7. HP: 17/56 MP: 6/6
  3689 | D:4      | Found an ancient bone altar of Kikubaaqudgha.
  3704 | D:4      | Reached skill level 10 in Staves
  3824 | D:4      | Found a blossoming altar of Fedhas.
  4198 | D:4      | Killed Grinder
  4313 | D:5      | Entered Level 5 of the Dungeon
  4372 | D:5      | Reached skill level 11 in Staves
  4399 | D:5      | Reached XP level 8. HP: 62/62 MP: 7/7
  4427 | D:5      | Noticed Pikel
  4446 | D:5      | Killed Pikel
  4446 | D:5      | Reached skill level 12 in Staves
  4478 | D:5      | Noticed Blork the orc
  4485 | D:5      | Mangled by an ogre

Levels and vault maps discovered:
D:1:      ncdulo_wetmaze, layout_basic, chequers_serial_rivers_micro_c,
          nrook_uturn
D:2:      layout_loops_ring, led_sif_pool, uniq_robin, uniq_jessica
D:3:      layout_basic, lemuel_doored_altar, first_ration, wad_rectangle_vault
D:4:      layout_rooms, kiku_gazebo_pond_becter, fedhas_ov_isle_minmay,
          serial_glass, glass_columns_a, glass_columns_b, uniq_grinder,
          uniq_edmund
D:5:      layout_rooms, uniq_crazy_yiuf_cottage, uniq_blork_the_orc, uniq_pikel

Skill      XL: |  1  2  3  4  5  6  7  8 |
---------------+-------------------------+-----
Staves         | 4 5 6 7 8 9 11 12 | 12.7
Fighting       | |  2.4
Throwing       | |  2.0
Dodging        | |  3.2

Action                   |  1- 3 |  4- 6 |  7- 9 || total
-------------------------+-------+-------+-------++-------
Melee: Quarterstaff      |    72 |   148 |    75 ||   295
       Headbutt          |    11 |    26 |    20 ||    57
  Use: Potion            |     5 |     3 |       ||     8
       Scroll            |     5 |     2 |     2 ||     9
 Stab: Sleeping          |     1 |     3 |       ||     4
  Eat: Chunk             |       |     8 |     1 ||     9
       Ration            |       |       |     1 ||     1
Armor: Leather armour    |    20 |    12 |       ||    32
       Ring mail         |       |     1 |     9 ||    10
Dodge: Dodged            |    42 |    87 |    31 ||   160
